 Dungeon Crawl Stone Soup version 0.31-a0-1074-g0b22e4e0f1 (webtiles) character file.

Game seed: 15284679476022191444

125 Getoffmy the Twirler (level 4, 0/40 HPs)
             Began as a Minotaur Gladiator on Nov 29, 2023.
             Slain by Crazy Yiuf
             ... wielding a +2 quarterstaff of chaos
              (11 damage)
             ... on level 2 of the Dungeon.
             The game lasted 00:03:31 (1572 turns).

Getoffmy the Twirler (Minotaur Gladiator)           Turns: 1572, Time: 00:03:32

Health: 0/40       AC:  8    Str: 21    XL:     4   Next: 82%
Magic:  2/3        EV:  9    Int:  5    God:
Gold:   118        SH:  0    Dex: 11    Spells: 3/3 levels left

rFire   . . .        a - +0 quarterstaff
rCold   . . .        (shield currently unavailable)
rNeg    . . .        p - +0 chain mail
rPois   .            c - +0 hat
rElec   .            (no cloak)
rCorr   .            (no gloves)
SInv    .            (no boots)
Will    +....        (no amulet) Stlth
                     f - ring of willpower
HPRegen 0.26/turn    (no ring)
MPRegen 0.08/turn

%: no passive effects
@: no status effects
A: horns 2, retaliatory headbutt
a: no special abilities


You were on level 2 of the Dungeon.
You visited 1 branch of the dungeon, and saw 2 of its levels.

You collected 118 gold pieces.

Inventory:

Hand Weapons
 a - a +0 quarterstaff (weapon)
Missiles
 d - 3 throwing nets (quivered)
 e - a javelin
 g - 32 stones
Armour
 c - a +0 hat (worn)
 p - a +0 chain mail (worn)
Jewellery
 f - a ring of willpower (left hand)
Scrolls
 b - 4 scrolls of fog {unknown}
 i - a scroll of vulnerability {unknown}
 l - a scroll of acquirement {unknown}
 m - a scroll of fear {unknown}
 n - a scroll of identify {unknown}
Potions
 j - a potion of curing
 k - a potion of might {unknown}
 o - a potion of attraction {unknown}


   Skills:
 + Level 3.7 Fighting
 * Level 5.4 Staves
 - Level 2.0 Throwing
 + Level 2.4 Armour
 - Level 3.2 Dodging


You had 3 spell levels left.
You didn't know any spells.
Your spell library was empty.

Dungeon Overview and Level Annotations

Branches:
Dungeon (2/15)

Altars:
Wu Jian

Annotations:
D:2 Crazy Yiuf


Innate Abilities, Weirdness & Mutations

You have a pair of horns on your head.
You reflexively headbutt those who attack you in melee.


Message History

Crazy Yiuf says, "Fire mumblescurry mobile!"
Crazy Yiuf hits you with a +2 quarterstaff of chaos!
There is an open translucent door, spattered with blood here.
You hit Crazy Yiuf but do no damage.
Crazy Yiuf hits you with a +2 quarterstaff of chaos.
You are poisoned.
You hit Crazy Yiuf but do no damage.
You feel very sick. Crazy Yiuf barely misses you.
You hit Crazy Yiuf.
Crazy Yiuf is moderately wounded.
You feel very sick.
Crazy Yiuf hits you with a +2 quarterstaff of chaos.
You are confused.
You hit Crazy Yiuf. Your headbutt misses Crazy Yiuf.
Crazy Yiuf is heavily wounded.
You feel sick.
Crazy Yiuf laughs, "Snurf!
Whiteboard forty-two infinity."
Crazy Yiuf barely misses you.
You hit Crazy Yiuf.
Crazy Yiuf is heavily wounded.
You feel sick. Crazy Yiuf misses you.
You hit Crazy Yiuf.
Crazy Yiuf is severely wounded.
You feel less confused.
You feel sick.
Crazy Yiuf hits you with a +2 quarterstaff of chaos.
* * * LOW HITPOINT WARNING * * *
Crazy Yiuf draws strength from your wounds!
You sock Crazy Yiuf!
Crazy Yiuf is almost dead.
* * * LOW HITPOINT WARNING * * *
You feel sick.
Crazy Yiuf grits, "Lay!"
Crazy Yiuf hits you with a +2 quarterstaff of chaos.
* * * LOW HITPOINT WARNING * * *
You feel your power leaking away.
It was a potion of curing.
You feel better.
Crazy Yiuf hits you with a +2 quarterstaff of chaos!
You die...

#.#####.######.....##
#.#
#.............#####
#.#
#############.....##
#.# #####..# #[#
##.### ##.##♣♣♣♣♣
#.... #......♣.♣♣♣
#### #####
#.......♣..♣#...#
#......♣♣♣♣.@g..#
##....♣♣ ♣♣#..)#
####### ####♣♣ ####
#....<#### ######...#
#.#.# ### #.#.#
#.#####.#.#
#...[...#.#
#########.#


You could see Crazy Yiuf.

Vanquished Creatures
  Jessica (D:2)
  Natasha (D:2)
  Terence (D:2)
  An adder (D:2)
  A dart slug (D:2)
  4 ball pythons (D:1)
  7 endoplasms
  A goblin (D:2)
  2 hobgoblins (D:2)
  3 quokkas (D:2)
  3 bats
  5 frilled lizards
  4 kobolds (D:2)
  3 rats
37 creatures vanquished.

Notes
Turn   | Place    | Note
-------+----------+-------------------------------------------
     0 | D:1      | Getoffmy the Minotaur Gladiator began the quest for the
                  | Orb.
     0 | D:1      | Reached XP level 1. HP: 18/18 MP: 0/0
   246 | D:1      | Found a faded altar of an unknown god.
   336 | D:1      | Reached skill level 4 in Staves
   412 | D:1      | Reached XP level 2. HP: 25/25 MP: 1/1
   601 | D:1      | Reached skill level 1 in Armour
   904 | D:2      | Found an ornate altar of the Wu Jian Council.
   912 | D:2      | Reached XP level 3. HP: 27/31 MP: 2/2
   928 | D:2      | Noticed Jessica
   939 | D:2      | Killed Jessica
   940 | D:2      | Reached skill level 5 in Staves
   940 | D:2      | Reached XP level 4. HP: 36/38 MP: 3/3
   976 | D:2      | Noticed Natasha
   984 | D:2      | Killed Natasha
  1299 | D:2      | Found a runed translucent door.
  1300 | D:2      | Noticed Crazy Yiuf
  1434 | D:2      | Noticed Terence
  1439 | D:2      | Killed Terence
  1571 | D:2      | HP: 1/40 [Crazy Yiuf/+2 quarterstaff of chaos (2)]
  1572 | D:2      | Slain by Crazy Yiuf

Illustrated notes

Levels and vault maps discovered:
D:1:      dpeg_arrival_lava_altar, layout_loops_cross,
          nicolae_ecumenical_lake_church
D:2:      layout_basic, basic_altar, minmay_octomino_e4,
          uniq_crazy_yiuf_cottage, uniq_terence, uniq_natasha, uniq_jessica

Skill      XL: |  1  2  3 |
---------------+----------+-----
Staves         | 4 5 |  5.4
Armour         | 1 2 |  2.4
Fighting       | 3 |  3.7
Throwing       | |  2.0
Dodging        | |  3.2

Action                     |  1- 3 |  4- 6 || total
---------------------------+-------+-------++-------
  Melee: Quarterstaff      |    52 |    14 ||    66
         Headbutt          |     5 |     2 ||     7
    Use: Potion            |       |     1 ||     1
 Armour: Ring mail         |    33 |     5 ||    38
         Leather armour    |     5 |       ||     5
         Chain mail        |       |     6 ||     6
  Dodge: Dodged            |    26 |     5 ||    31

Table legend: (Time is in decaauts)
 A = Elapsed time spent in this place.
 B = Non-inter-level travel time spent in this place.
 C = Inter-level travel time spent in this place.
 D = Time resting spent in this place.
 E = Time spent auto-exploring this place.
 F = Levels seen in this place.
 G = Mean time per level.
                   A        B        C        D        E       F      G
               +--------+--------+--------+--------+--------+-----+--------+
         Total |   1576 |   1557 |     19 |    200 |   1054 |   2 |  788.0 |
       Dungeon |   1576 |   1557 |     19 |    200 |   1054 |   2 |  788.0 |
               +--------+--------+--------+--------+--------+-----+--------+

Top non-repeatable levels by time:
     D:2: 861 daAuts
     D:1: 714 daAuts
